 Dungeon Crawl Stone Soup version 0.27-a0-40-g5f2be0e231 (webtiles) character file.

Game seed: 15900883886188312536

2090 Essalna the Insei (level 9, -4/57 (61) HPs)
             Began as an Octopode Transmuter on Jan 5, 2021.
             Slain by a wight
             ... wielding a +2 short sword of freezing
              (8 damage)
             ... on level 7 of the Dungeon.
             The game lasted 00:23:34 (8627 turns).

Essalna the Insei (Octopode Transmuter)             Turns: 8627, Time: 00:23:35

HP:   -4/57 (61)    AC:  2    Str: 10    XL:     9   Next: 27%
MP:   14/14         EV: 24    Int: 24    God:
Gold: 395           SH:  0    Dex: 17    Spells: 7/15 levels left

rFire    + . .     SeeInvis .     - Unarmed
rCold    . . .     Faith    .   (shield currently unavailable)
rNeg     . . .     Spirit   .   (helmet currently unavailable)
rPois    x         Reflect  .   (no amulet)
rElec    .         Harm     .   c - ring of protection from cold
rCorr    .         Rampage  .   n - ring of fire
Will     .....                  z - +6 ring of intelligence
Stlth    ++........             (no ring)
HPRegen  0.19/turn              (no ring)
MPRegen  0.14/turn              (no ring)
                                (no ring)
                                (no ring)

@: spider-form, drained
A: tiny, almost no armour, stealthy swim, (amphibious), 8 rings, (constrict 8)
a: End Transformation


You were on level 7 of the Dungeon.
You were a venomous arachnid creature.
You visited 2 branches of the dungeon, and saw 8 of its levels.

You collected 395 gold pieces.

Inventory:

Hand Weapons
 t - a +1 dagger of electrocution
 u - the +8 dagger of Irrepressible Laughter (melded) {drain, rElec MP+9}
   (You found it on level 4 of the Dungeon)

   A truly terrible weapon, it drains the life of those it strikes.
   It insulates you from electricity.
   It affects your magic capacity (+9).
Jewellery
 c - a ring of protection from cold (left front leg)
 n - a ring of fire (right front leg)
 z - a +6 ring of intelligence (on tentacle)
Wands
 x - a wand of iceblast (9)
Scrolls
 b - a scroll of enchant weapon
 d - 3 scrolls of immolation
 g - a scroll of amnesia
 i - 4 scrolls of remove curse
 j - a scroll of fog
 l - 8 scrolls of identify
 m - a scroll of magic mapping
 o - 5 scrolls of teleportation
 r - a scroll of brand weapon {unknown}
 v - 5 scrolls of enchant armour {unknown}
 y - a scroll of blinking {unknown}
Potions
 a - 2 potions of resistance
 e - 2 potions of attraction
 f - a potion of degeneration
 h - a potion of invisibility
 k - 2 potions of might
 p - a potion of lignification {unknown}
 q - a potion of brilliance {unknown}
 s - 5 potions of curing
 w - 2 potions of flight {unknown}


   Skills:
 + Level 5.2 Fighting
 + Level 5.5 Dodging
 + Level 6.0 Unarmed Combat
 + Level 3.8 Spellcasting
 + Level 5.5 Transmutations
 + Level 3.0 Ice Magic
 - Level 3.1 Poison Magic


You had 7 spell levels left.
You knew the following spells:

 Your Spells              Type           Power        Failure   Level
a - Beastly Appendage     Tmut           62%          5%          1
b - Spider Form           Tmut/Pois      12%          14%         3
c - Ice Form              Ice/Tmut       25%          36%         4

Your spell library contained the following spells:

 Spells                   Type           Power        Failure   Level
 Wereblood                Tmut           31%          7%          2
 Animate Skeleton         Necr           8%           24%         1
 Apportation              Tloc           8%           24%         1
 Corona                   Hex            4%           24%         1
 Summon Small Mammal      Summ           16%          24%         1
 Call Imp                 Summ           4%           34%         2
 Blade Hands              Tmut           15%          50%         5
 Call Canine Familiar     Summ           4%           52%         3
 Summon Guardian Golem    Hex/Summ       4%           52%         3
 Summon Ice Beast         Ice/Summ       11%          69%         4
 Summon Lightning Spire   Summ/Air       4%           86%         4


Dungeon Overview and Level Annotations

Branches:
Dungeon (7/15)             Temple (1/1) D:5

Altars:
Ashenzari
Cheibriados
Dithmenos
Elyvilon
Gozag
Hepliaklqana
Kikubaaqudgha
Makhleb
Nemelex Xobeh
Okawaru
Qazlal
Ru
Sif Muna
Trog
Uskayaw
Vehumet
Wu Jian
Xom
Yredelemnul
The Shining One

Shops:
D:5 ?

Annotations:
D:4 exclusion: statue


Innate Abilities, Weirdness & Mutations

You cannot wear most types of armour.
You are very stealthy in the water. (Stealth+)
((You are amphibious.))
You can wear up to eight rings at the same time.
((You can use your tentacles to constrict eight enemies at once.))
((Your skin changes colour to match your surroundings (Stealth+).))
((Your rubbery body absorbs attacks. (AC +1, EV +1)))


Message History

* * * LOW HITPOINT WARNING * * *
The wight misses you.
Items here: ( )) †.
A wight comes into view.
It is wielding a +2 short sword of freezing.
Your transformation is almost over.
Found a quarterstaff.
Your tentacle spike disappears.
Okay, then.
Found 2 scrolls labelled REUFU OCOTWED.
It was a potion of curing.
You feel better.
The wight hits you with a +2 short sword of freezing!
* * * LOW HITPOINT WARNING * * *
You feel drained. The wight freezes you.
* * * LOW HITPOINT WARNING * * *
Casting: Beastly Appendage (safe; 1% risk of failure)
Confirm with . or Enter, or press ? or * to list all spells.
You turn into a venomous arachnid creature.
The +8 dagger of Irrepressible Laughter {drain, rElec MP+9} melds into your body.
The wight hits you with a +2 short sword of freezing!
You die...

.###....###.......####..?#
,* #.#.## #.#####z.....#.#
,* #z#.# #.# ######...#
.###.#.#* #.# ##z##
......#.###.# #.#
.)...###..z.# #.#
#####.#z##### #.# ##.##
##########.# #.#
#..sz.z....# #.#
#.########## *****### ***#,*
,,,<*******,****
,****,,*,_,**,** ,*
*,,,,,,,,,,,* ,*
*,,,,,,,,,,,*
,***,,,,,,,,,,,*************
,,**,,,,,,,,,,,,,,,,,,,,,,,*


You could see 2 wights.

Vanquished Creatures
  The ghost of Phong the Digger, an amateur OpEE (D:3)
  2 sky beasts (D:6)
  A black bear (D:6)
  4 ogres
  3 phantoms
  3 centaurs
  A bullfrog (D:6)
  2 scorpions
  A howler monkey (D:4)
  A bullfrog zombie (D:5)
  2 hounds
  A bullfrog skeleton (D:6)
  2 orc wizards (D:6)
  Jessica (D:2)
  2 iguanas
  6 worker ants
  A hound skeleton (D:4)
  6 gnolls (D:3)
  8 adders
  2 shadow imps
  2 white imps
  2 oozes
  An adder zombie (D:6)
  3 worms
  4 leopard geckos
  10 orcs
  6 giant cockroaches
  12 goblins
  7 hobgoblins
  4 jackals (D:1)
  6 kobolds
  3 quokkas
  5 ball pythons
  9 bats
  7 frilled lizards
  A leopard gecko zombie (D:5)
  8 rats
140 creatures vanquished.

Notes
Turn   | Place    | Note
-------+----------+-------------------------------------------
     0 | D:1      | Essalna the Octopode Transmuter began the quest for the
                  | Orb.
     0 | D:1      | Reached XP level 1. HP: 13/13 MP: 3/3
   309 | D:1      | Reached XP level 2. HP: 17/18 MP: 5/5
   722 | D:1      | Reached XP level 3. HP: 13/23 MP: 4/6
  1251 | D:1      | Learned a level 3 spell: Spider Form
  1683 | D:2      | Reached XP level 4. HP: 23/29 MP: 5/7
  1930 | D:2      | Found a sacrificial altar of Ru.
  2135 | D:2      | Found a stormy altar of Qazlal.
  2165 | D:2      | Noticed Jessica
  2173 | D:2      | Killed Jessica
  2680 | D:2      | Reached XP level 5. HP: 34/34 MP: 8/8
  3866 | D:3      | Found a runed translucent door.
  3871 | D:3      | Noticed Phong's ghost (amateur OpEE)
  3980 | D:3      | Reached skill level 4 in Unarmed Combat
  4094 | D:3      | Reached XP level 6. HP: 41/41 MP: 7/9
  4110 | D:3      | Reached skill level 1 in Poison Magic
  4781 | D:4      | Got a transparent dagger
  4782 | D:4      | Identified the +8 dagger of Irrepressible Laughter {drain,
                  | rElec MP+9} (You found it on level 4 of the Dungeon)
  4844 | D:4      | Found a radiant altar of Vehumet.
  5058 | D:4      | Reached XP level 7. HP: 44/46 MP: 10/10
  5496 | D:3      | Killed Phong's ghost
  5544 | D:5      | Entered Level 5 of the Dungeon
  6022 | D:5      | Reached skill level 5 in Unarmed Combat
  6025 | D:5      | Reached XP level 8. HP: 40/54 MP: 11/11
  6106 | D:5      | Learned a level 4 spell: Ice Form
  6143 | D:5      | Found Ecorycia's Magic Scroll Shoppe.
  6448 | D:5      | Reached skill level 1 in Ice Magic
  6657 | D:5      | Found a staircase to the Ecumenical Temple.
  6681 | Temple   | Entered the Ecumenical Temple
  7188 | D:6      | Reached skill level 5 in Dodging
  7188 | D:6      | Reached skill level 5 in Transmutations
  7674 | D:6      | Reached XP level 9. HP: 51/60 MP: 14/14
  7821 | D:6      | Reached skill level 5 in Fighting
  7942 | D:6      | Found a sparkling altar of Nemelex Xobeh.
  7942 | D:6      | Found a burning altar of Makhleb.
  7943 | D:6      | Found an ornate altar of the Wu Jian Council.
  8292 | D:6      | Found a shimmering blue altar of Sif Muna.
  8478 | D:7      | Found a basalt altar of Yredelemnul.
  8571 | D:7      | Reached skill level 6 in Unarmed Combat
  8627 | D:7      | Slain by a wight

Illustrated notes

Levels and vault maps discovered:
D:1:      dpeg_arrival_morbid_curiosity, layout_basic,
          chequers_serial_rivers_micro_e, corner_web_ring
D:2:      layout_basic, hangedman_ru_absence, lemuel_round_altar,
          minmay_misc_feat_square, uniq_jessica
D:3:      layout_basic, ebering_ghost_inner_flame, st_stairs_10
D:4:      layout_basic, vehumet_statue
D:5:      layout_cave_pools, minmay_temple_entry_crystal_x, serial_shops,
          nicolae_shop_crystal
D:6:      layout_basic, led_sif_pool, gammafunk_temple_overflow_claw
D:7:      layout_loops_ring, marbit_many_paths, kennysheep_mini_moat,
          zin_academy, ebering_ghost_inner_flame
Temple:   hc_temple_tempest_star

Skill      XL: |  1  2  3  4  5  6  7  8  9 |
---------------+----------------------------+-----
Fighting       | 2 3 4 5 |  5.2
Dodging        | 3 4 5 |  5.5
Transmutations | 3 4 5 |  5.5
Unarmed Combat | 4 5 6 |  6.0
Poison Magic   | 2 3 |  3.1
Ice Magic      | 2 3 |  3.0
Spellcasting   | 3 |  3.8

Action                   |  1- 3 |  4- 6 |  7- 9 || total
-------------------------+-------+-------+-------++-------
Melee: Unarmed           |    62 |   128 |   103 ||   293
       Constrict         |    18 |    34 |    11 ||    63
       Tentacles         |     9 |    20 |    16 ||    45
       Kick              |     4 |    17 |     6 ||    27
       Punch             |       |     4 |       ||     4
       Dagger            |       |    11 |    84 ||    95
 Cast: Beastly Appendage |     5 |    16 |    11 ||    32
       Spider Form       |       |     2 |    13 ||    15
  Use: Scroll            |       |     6 |     7 ||    13
       Potion            |       |       |     2 ||     2
 Stab: Sleeping          |     4 |     6 |     4 ||    14
Armor: Skin              |     3 |     5 |     6 ||    14
Dodge: Dodged            |    40 |   108 |   135 ||   283

Table legend: (Time is in decaauts)
 A = Elapsed time spent in this place.
 B = Non-inter-level travel time spent in this place.
 C = Inter-level travel time spent in this place.
 D = Time resting spent in this place.
 E = Time spent auto-exploring this place.
 F = Levels seen in this place.
 G = Mean time per level.
                   A        B        C        D        E       F      G
               +--------+--------+--------+--------+--------+-----+--------+
         Total |   8613 |   7994 |    619 |    592 |   6006 |   8 | 1076.6 |
       Dungeon |   8406 |   7796 |    610 |    592 |   5845 |   7 | 1200.9 |
        Temple |    206 |    197 |      9 |      0 |    161 |   1 |  206.0 |
               +--------+--------+--------+--------+--------+-----+--------+

Top non-repeatable levels by time:
     D:2: 1858 daAuts
     D:3: 1577 daAuts
     D:1: 1506 daAuts
     D:6: 1227 daAuts
     D:5: 1110 daAuts
     D:4: 864 daAuts
     D:7: 262 daAuts
  Temple: 206 daAuts
